HSSL
JEFFERSONVILLE-YOUNGSVILLE CENTRAL HS TROJANS @ MASCONOMET HS CHIEFTANS
04/10/2030
 
TOP OF THE 1ST
Jeffersonville-Youngsville Central HS Trojans batting - Pitching for Masconomet HS Chieftans : RHP Emerson Gibbon
Pitching: RHP Emerson Gibbon
Batting: LHB Tony Chávez 0-0: Called Strike
0-1: Ball
1-1: Ball
2-1: Foul Ball, location: 2F
2-2: Ball
3-2: Strikes out looking
Batting: RHB John Goudie 0-0: Called Strike
0-1: Ball
1-1: SINGLE (Flyball, 78M)
Batting: LHB Steve Parker 0-0: Ball
1-0: Ball
2-0: Swinging Strike
2-1: Called Strike
2-2: Strikes out swinging
Batting: LHB Ed Williams 0-0: Called Strike
0-1: Ball
1-1: Ball
2-1: Called Strike
2-2: Strikes out swinging
Top of the 1st over - 0 runs, 1 hit, 0 errors, 1 left on base; Jeffersonville-Youngsville Central HS 0 - Masconomet HS 0
BOTTOM OF THE 1ST
Masconomet HS Chieftans batting - Pitching for Jeffersonville-Youngsville Central HS Trojans : LHP Ray Anderson
Pitching: LHP Ray Anderson
Batting: RHB Otis Moore 0-0: Foul Ball, location: 2F
0-1: Ball
1-1: Called Strike
1-2: Fly out, F7 (Flyball, 78D)
Batting: RHB Robby Bailey 0-0: Foul Ball, location: 2F
0-1: Swinging Strike
0-2: Ball
1-2: Ground out 5-3 (Groundball, 56S)
Batting: RHB Alec Bowers 0-0: Ball
1-0: Fly out, F4 (Popup, 4D)
Bottom of the 1st over - 0 runs, 0 hits, 0 errors, 0 left on base; Jeffersonville-Youngsville Central HS 0 - Masconomet HS 0
TOP OF THE 2ND
Jeffersonville-Youngsville Central HS Trojans batting - Pitching for Masconomet HS Chieftans : RHP Emerson Gibbon
Batting: RHB Murray Jackson 0-0: Called Strike
0-1: Ball
1-1: Foul Ball, location: 2F
1-2: Strikes out looking
Batting: RHB Howard Gunther 0-0: Foul Ball, location: 2F
0-1: Ball
1-1: Fly out, F9 (Line Drive, 9D)
Batting: RHB Myron Preston 0-0: Called Strike
0-1: Ball
1-1: Swinging Strike
1-2: Strikes out swinging
Top of the 2nd over - 0 runs, 0 hits, 0 errors, 0 left on base; Jeffersonville-Youngsville Central HS 0 - Masconomet HS 0
BOTTOM OF THE 2ND
Masconomet HS Chieftans batting - Pitching for Jeffersonville-Youngsville Central HS Trojans : LHP Ray Anderson
Batting: RHB Brian Knox 0-0: Called Strike
0-1: Ball
1-1: Called Strike
1-2: Strikes out swinging
Batting: RHB Tom Petersen 0-0: Ball
1-0: Called Strike
1-1: SINGLE (Groundball, 34D)
Batting: LHB Tommy McRath 0-0: Called Strike
0-1: Ball
1-1: Single, Error in OF, E9, batter to second base
Tom Petersen to third
Batting: RHB Ross Thrower 0-0: Ball
1-0: Called Strike
1-1: Ball
2-1: Ball
3-1: Base on Balls
Batting: RHB Irwin Harris 0-0: Called Strike
0-1: Foul Ball, location: 2F
0-2: Ball
1-2: SINGLE (Line Drive, 56D)
Tom Petersen scores
Tommy McRath to third
Ross Thrower to second
Batting: RHB Jorge Trujillo 0-0: Ball
1-0: Ball
2-0: Ball
3-0: Base on Balls
Tommy McRath scores
Ross Thrower to third
Irwin Harris to second
Batting: RHB Otis Moore 0-0: Ball
1-0: Called Strike
1-1: Ball
2-1: Foul Ball, location: 2F
2-2: Ground out 6-3 (Groundball, 6S)
Ross Thrower scores
Irwin Harris to third
Jorge Trujillo to second
Batting: RHB Robby Bailey 0-0: Ball
1-0: Foul Ball, location: 2F
1-1: Ball
Passed Ball!
Irwin Harris scores
Jorge Trujillo to third
2-1: Ground out 4-3 (Groundball, 4)
Bottom of the 2nd over - 4 runs, 3 hits, 1 error, 1 left on base; Jeffersonville-Youngsville Central HS 0 - Masconomet HS 4
TOP OF THE 3RD
Jeffersonville-Youngsville Central HS Trojans batting - Pitching for Masconomet HS Chieftans : RHP Emerson Gibbon
Batting: RHB Jeff Valentine 0-0: Fly out, F7 (Line Drive, 7)
Batting: RHB Jack Slater 0-0: Ball
1-0: Ball
2-0: Ball
3-0: Called Strike
3-1: DOUBLE (Line Drive, 7LD)
Batting: LHB Tony Chávez 0-0: Ball
1-0: Ball
2-0: Swinging Strike
2-1: Ball
Wild Pitch!
Jack Slater to third
3-1: Base on Balls
Batting: RHB John Goudie 0-0: Called Strike
0-1: Ball
1-1: Grounds into double play, 1-4-3 (Groundball, 15)
Top of the 3rd over - 0 runs, 1 hit, 0 errors, 1 left on base; Jeffersonville-Youngsville Central HS 0 - Masconomet HS 4
BOTTOM OF THE 3RD
Masconomet HS Chieftans batting - Pitching for Jeffersonville-Youngsville Central HS Trojans : LHP Ray Anderson
Batting: RHB Alec Bowers 0-0: Ball
1-0: Ball
2-0: Ball
3-0: Called Strike
3-1: Reached on error, E4 (Groundball, 4)
Batting: RHB Brian Knox 0-0: Called Strike
0-1: Ball
1-1: Foul Ball, location: 2F
1-2: Strikes out looking
Batting: RHB Tom Petersen 0-0: Ball
1-0: Foul Ball, location: 2F
1-1: Foul Ball, location: 2F
1-2: Ball
2-2: Fly out, F4 (Line Drive, 4)
Batting: LHB Tommy McRath 0-0: Fly out, F8 (Flyball, 8LM)
Bottom of the 3rd over - 0 runs, 0 hits, 1 error, 1 left on base; Jeffersonville-Youngsville Central HS 0 - Masconomet HS 4
TOP OF THE 4TH
Jeffersonville-Youngsville Central HS Trojans batting - Pitching for Masconomet HS Chieftans : RHP Emerson Gibbon
Batting: LHB Steve Parker 0-0: Ball
1-0: Ball
2-0: Called Strike
2-1: Ball
3-1: Base on Balls
Batting: LHB Ed Williams 0-0: Foul Ball, location: 2F
0-1: Ball
1-1: Called Strike
1-2: Strikes out looking
Batting: RHB Murray Jackson 0-0: Ball
1-0: Called Strike
1-1: Called Strike
1-2: Strikes out looking
Batting: RHB Howard Gunther 0-0: Ball
1-0: Ground out 4-3 (Groundball, 4)
Top of the 4th over - 0 runs, 0 hits, 0 errors, 1 left on base; Jeffersonville-Youngsville Central HS 0 - Masconomet HS 4
BOTTOM OF THE 4TH
Masconomet HS Chieftans batting - Pitching for Jeffersonville-Youngsville Central HS Trojans : LHP Ray Anderson
Batting: RHB Ross Thrower 0-0: Ball
1-0: Called Strike
1-1: Ball
2-1: Ground out 6-3 (Groundball, 56D)
Batting: RHB Irwin Harris 0-0: Called Strike
0-1: Foul Ball, location: 2F
0-2: Ball
1-2: Ball
2-2: SINGLE (Groundball, 6MD)
Batting: RHB Jorge Trujillo 0-0: Ball
1-0: Ball
2-0: Called Strike
2-1: Ball
3-1: Foul Ball, location: 2F
3-2: Base on Balls
Irwin Harris to second
Batting: RHB Otis Moore 0-0: Ball
1-0: TRIPLE (Line Drive, 8LXD)
Irwin Harris scores
Jorge Trujillo scores
Pitching: RHP Phil Rivera
Batting: RHB Robby Bailey 0-0: Ball
1-0: Ball
2-0: Called Strike
2-1: Ball
3-1: SINGLE (Line Drive, 89M)
Otis Moore scores
Batting: RHB Alec Bowers 0-0: Ball
1-0: Called Strike
Robby Bailey steals 2nd base
1-1: Foul Ball, location: 2F
1-2: Foul Ball, location: 2F
1-2: Fly out, F4 (Line Drive, 4)
Batting: RHB Brian Knox 0-0: Ball
1-0: Ball
2-0: Ball
3-0: Base on Balls
Batting: RHB Tom Petersen 0-0: Ball
1-0: Called Strike
1-1: Ball
2-1: Fly out, F8 (Flyball, 8RM)
Bottom of the 4th over - 3 runs, 3 hits, 0 errors, 2 left on base; Jeffersonville-Youngsville Central HS 0 - Masconomet HS 7
TOP OF THE 5TH
Jeffersonville-Youngsville Central HS Trojans batting - Pitching for Masconomet HS Chieftans : RHP Emerson Gibbon
Batting: RHB Myron Preston 0-0: Ball
1-0: Foul Ball, location: 2F
1-1: Fly out, F7 (Line Drive, 7)
Batting: RHB Jeff Valentine 0-0: Ball
1-0: SINGLE (Line Drive, 9LM)
Batting: RHB Jack Slater 0-0: Called Strike
Jeff Valentine steals 2nd base
0-1: Swinging Strike
0-2: Ball
1-2: Ball
2-2: Strikes out swinging
Batting: LHB Tony Chávez 0-0: Called Strike
0-1: Ball
1-1: Ball
2-1: Foul Ball, location: 2F
2-2: Fly out, F8 (Line Drive, 78M)
Top of the 5th over - 0 runs, 1 hit, 0 errors, 1 left on base; Jeffersonville-Youngsville Central HS 0 - Masconomet HS 7
BOTTOM OF THE 5TH
Masconomet HS Chieftans batting - Pitching for Jeffersonville-Youngsville Central HS Trojans : RHP Phil Rivera
Batting: LHB Tommy McRath 0-0: Ball
1-0: Ball
2-0: Ball
3-0: Base on Balls
Batting: RHB Ross Thrower 0-0: Ball
1-0: Reached on error, E6 (Groundball, 6)
Tommy McRath to second
Batting: RHB Irwin Harris 0-0: Ball
1-0: Foul Ball, location: 2F
1-1: Fly out, F9 (Flyball, 9S)
Batting: RHB Jorge Trujillo 0-0: Called Strike
0-1: Ball
1-1: DOUBLE (Line Drive, 7LS)
Tommy McRath scores
Ross Thrower to third
Batting: RHB Otis Moore 0-0: Ball
1-0: Ball
2-0: Ball
3-0: Base on Balls
Batting: RHB Robby Bailey 0-0: Foul Ball, location: 2F
0-1: Ball
1-1: Foul Ball, location: 2F
1-2: Ball
2-2: Ball
3-2: SINGLE (Flyball, 8LS)
Ross Thrower scores
Jorge Trujillo to third
Otis Moore to second
Runner from 3rd tries for Home, SAFE, throw made home
Batting: RHB Alec Bowers 0-0: 3-RUN HOME RUN (Flyball, 7D), Distance : 411 ft
Batting: RHB Brian Knox 0-0: Called Strike
0-1: Ball
1-1: Ball
2-1: Called Strike
2-2: Ball
3-2: SINGLE (Flyball, 8LS)
Batting: RHB Tom Petersen 0-0: Ball
1-0: Ball
2-0: Ball
3-0: Called Strike
3-1: DOUBLE (Line Drive, 7LM)
Brian Knox to third
Runner from 3rd tries for Home, SAFE, no throw
Batting: LHB Tommy McRath 0-0: Ball
1-0: Ball
Passed Ball!
Tom Petersen to third
2-0: Fly out, F3 (Popup, 3SF)
Batting: RHB Ross Thrower 0-0: Ball
1-0: Ball
2-0: Called Strike
2-1: Foul Ball, location: 2F
2-2: Strikes out swinging
Bottom of the 5th over - 7 runs, 5 hits, 1 error, 1 left on base; Jeffersonville-Youngsville Central HS 0 - Masconomet HS 14
TOP OF THE 6TH
Jeffersonville-Youngsville Central HS Trojans batting - Pitching for Masconomet HS Chieftans : RHP Emerson Gibbon
Batting: RHB John Goudie 0-0: Swinging Strike
0-1: Ball
1-1: Swinging Strike
1-2: Ball
2-2: Strikes out swinging
Batting: LHB Steve Parker 0-0: Called Strike
0-1: Ball
1-1: Ball
2-1: Ball
3-1: Ground out 1-3 (Groundball, P)
Batting: LHB Ed Williams 0-0: Ball
1-0: Ground out 4-3 (Groundball, 4)
Top of the 6th over - 0 runs, 0 hits, 0 errors, 0 left on base; Jeffersonville-Youngsville Central HS 0 - Masconomet HS 14
BOTTOM OF THE 6TH
Masconomet HS Chieftans batting - Pitching for Jeffersonville-Youngsville Central HS Trojans : RHP Phil Rivera
Batting: RHB Irwin Harris 0-0: Ball
1-0: Called Strike
1-1: Foul Ball, location: 2F
1-2: Foul Ball, location: 2F
1-2: Ground out 5-3 (Groundball, 5D)
Pitching: RHP Brian Brewer
Batting: RHB Jorge Trujillo 0-0: Foul Ball, location: 2F
0-1: Ball
1-1: Swinging Strike
1-2: Ball
2-2: Ball
3-2: Base on Balls
Batting: RHB Otis Moore 0-0: Ball
1-0: Ball
2-0: SINGLE (Groundball, 56D)
Jorge Trujillo to second
Batting: RHB Robby Bailey 0-0: Called Strike
0-1: Swinging Strike
0-2: Foul Ball, location: 2F
0-2: Ball
1-2: Strikes out swinging
Batting: RHB Alec Bowers 0-0: Foul Ball, location: 2F
0-1: Called Strike
0-2: Foul Ball, location: 2F
0-2: Fly out, F8 (Flyball, 8RS)
Bottom of the 6th over - 0 runs, 1 hit, 0 errors, 2 left on base; Jeffersonville-Youngsville Central HS 0 - Masconomet HS 14
TOP OF THE 7TH
Jeffersonville-Youngsville Central HS Trojans batting - Pitching for Masconomet HS Chieftans : RHP Emerson Gibbon
Pitching: LHP Chris Bryant
Batting: RHB Murray Jackson 0-0: Ball
1-0: Ball
2-0: Ball
3-0: Base on Balls
Batting: RHB Howard Gunther 0-0: Ball
1-0: Ball
2-0: Ball
3-0: Called Strike
3-1: Called Strike
3-2: Foul Ball, location: 2F
3-2: Foul Ball, location: 2F
3-2: SINGLE (Flyball, 89S)
Murray Jackson to second
Batting: RHB Myron Preston 0-0: Called Strike
0-1: Swinging Strike
0-2: Ball
1-2: Strikes out looking
Batting: RHB Jeff Valentine 0-0: Called Strike
0-1: Fly out, F7 (Line Drive, 7D)
Batting: RHB Jack Slater 0-0: SINGLE (Flyball, 78S)
Murray Jackson to third
Howard Gunther to second
Runner from 3rd tries for Home, SAFE, no throw
Batting: LHB Tony Chávez 0-0: Called Strike
0-1: Ball
1-1: Foul Ball, location: 2F
1-2: Ball
2-2: Foul Ball, location: 2F
2-2: Ball
3-2: SINGLE (Line Drive, 7S)
Howard Gunther to third
Jack Slater to second
Howard Gunther scores
Jack Slater to third
Batting: RHB John Goudie 0-0: Reached on error, E6 (Groundball, 6)
Jack Slater scores
Tony Chávez to second
Batting: LHB Steve Parker 0-0: Foul Ball, location: 2F
0-1: Foul Ball, location: 2F
0-2: Fielders Choice at 2nd, 6-4 (Groundball, 56)
Top of the 7th over - 3 runs, 3 hits, 1 error, 2 left on base; Jeffersonville-Youngsville Central HS 3 - Masconomet HS 14
BOTTOM OF THE 7TH
Masconomet HS Chieftans batting - Pitching for Jeffersonville-Youngsville Central HS Trojans : RHP Brian Brewer
Batting: RHB Brian Knox 0-0: DOUBLE (Flyball, 8RXD)
Pinch Runner at 2nd John Coffey:
Batting: RHB Tom Petersen 0-0: Ball
1-0: Ball
2-0: Called Strike
2-1: Called Strike
2-2: Foul Ball, location: 2F
2-2: Ball
3-2: Base on Balls
Batting: LHB Tommy McRath 0-0: Ball
1-0: Called Strike
1-1: Ball
2-1: Foul Ball, location: 2F
2-2: Strikes out swinging
Batting: RHB Ross Thrower 0-0: Called Strike
0-1: Fly out, F8 (Flyball, 8RM)
Batting: RHB Irwin Harris 0-0: Called Strike
0-1: Ball
1-1: Ball
2-1: SINGLE (Line Drive, 6D)
John Coffey to third
Tom Petersen to second
Batting: RHB Jorge Trujillo 0-0: Ball
1-0: Called Strike
1-1: Ball
Passed Ball!
John Coffey scores
Tom Petersen to third
Irwin Harris to second
2-1: Called Strike
2-2: Ground out 4-3 (Groundball, 4)
Bottom of the 7th over - 1 run, 2 hits, 0 errors, 2 left on base; Jeffersonville-Youngsville Central HS 3 - Masconomet HS 15
TOP OF THE 8TH
Jeffersonville-Youngsville Central HS Trojans batting - Pitching for Masconomet HS Chieftans : LHP Chris Bryant
Now at 2B: Carl Savage
Now in LF: John Coffey
Batting: LHB Ed Williams 0-0: Ball
1-0: Ball
2-0: Called Strike
2-1: Swinging Strike
2-2: Foul Ball, location: 2F
2-2: Strikes out swinging
Batting: RHB Murray Jackson 0-0: Called Strike
0-1: Ball
1-1: SINGLE (Flyball, 89M)
Batting: RHB Howard Gunther 0-0: Called Strike
0-1: Ball
1-1: Ball
2-1: Swinging Strike
2-2: Grounds into double play, 1-6-3 (Groundball, 13)
Top of the 8th over - 0 runs, 1 hit, 0 errors, 0 left on base; Jeffersonville-Youngsville Central HS 3 - Masconomet HS 15
BOTTOM OF THE 8TH
Masconomet HS Chieftans batting - Pitching for Jeffersonville-Youngsville Central HS Trojans : RHP Brian Brewer
Batting: RHB Otis Moore 0-0: Called Strike
0-1: Ground out 5-3 (Groundball, 56S)
Batting: RHB Robby Bailey 0-0: Ball
1-0: Ball
2-0: Ball
3-0: Base on Balls
Batting: RHB Alec Bowers 0-0: Ball
1-0: Ball
Robby Bailey steals 2nd base
2-0: Ball
3-0: Foul Ball, location: 2F
3-1: Hit by Pitch
Batting: LHB John Coffey 0-0: Ball
Passed Ball!
Robby Bailey to third
Alec Bowers to second
1-0: Ball
2-0: Foul Ball, location: 2F
2-1: Ball
3-1: Swinging Strike
3-2: Base on Balls
Pitching: RHP Claudio López
Batting: RHB Tom Petersen 0-0: Foul Ball, location: 2F
0-1: Ball
1-1: Ball
2-1: Ball
3-1: Swinging Strike
3-2: Grounds into double play, 6-4-3 (Groundball, 6)
Bottom of the 8th over - 0 runs, 0 hits, 0 errors, 2 left on base; Jeffersonville-Youngsville Central HS 3 - Masconomet HS 15
TOP OF THE 9TH
Jeffersonville-Youngsville Central HS Trojans batting - Pitching for Masconomet HS Chieftans : LHP Chris Bryant
Batting: RHB Myron Preston 0-0: Ball
1-0: Ball
2-0: Ball
3-0: Called Strike
3-1: Called Strike
3-2: Ground out 5-3 (Groundball, 56S)
Batting: RHB Jeff Valentine 0-0: Foul Ball, location: 2F
0-1: Foul Ball, location: 2F
0-2: Ball
1-2: Ball
2-2: Ball
3-2: Foul Ball, location: 2F
3-2: Strikes out looking
Batting: RHB Jack Slater 0-0: Called Strike
0-1: SINGLE (Flyball, 9LS)
Batting: LHB Tony Chávez 0-0: Ball
1-0: Called Strike
1-1: Called Strike
1-2: Ball
2-2: Foul Ball, location: 2F
2-2: Fly out, F7 (Line Drive, 78M)
Top of the 9th over - 0 runs, 1 hit, 0 errors, 1 left on base; Jeffersonville-Youngsville Central HS 3 - Masconomet HS 15
Saturday, April 7th, 2018 - OOTP Baseball 18.8 Build 76